 Dungeon Crawl Stone Soup version 0.18.1-6-gd335043 (webtiles) character file.

242 jacquesderrida the Poker (level 5, -5/38 HPs)
             Began as a Demonspawn Skald on May 20, 2016.
             Was an Initiate of Ashenzari.
             Killed by divine providence
             ... invoked by an orc priest
              (13 damage)
             ... on level 4 of the Dungeon.
             The game lasted 00:10:12 (1611 turns).

jacquesderrida the Poker (Demonspawn Skald)         Turns: 1611, Time: 00:10:13

Health: -5/38      AC:  3    Str: 13    XL:     5   Next: 81%
Magic:  4/8        EV: 11    Int: 13    God:    Ashenzari [......]
Gold:   110        SH:  0    Dex: 13    Spells: 3 memorised, 1 level left

rFire  . . .     SeeInvis .     a - +1 spear
rCold  . . .     Gourm    .     b - +0 leather armour
rNeg   . . .     Faith    .     (no shield)
rPois  .         Spirit   .     (helmet restricted)
rElec  .         Dismiss  .     (no cloak)
rCorr  .         Reflect  .     (no gloves)
SustAt .         Harm     .     (no boots)
MR     .....                    (no amulet)
Stlth  +.........               (no ring)
                                (no ring)

@: not resistant to hostile enchantments, very unstealthy
A: antennae 1, powered by death 1
a: Curse Item, Renounce Religion


You were on level 4 of the Dungeon.
You worshipped Ashenzari.
Ashenzari was noncommittal.
You were very hungry.

You visited 1 branch of the dungeon, and saw 4 of its levels.

You collected 110 gold pieces.

Inventory:

Hand Weapons
 a - a +1 spear (weapon)
 p - a +0 blowgun
Missiles
 i - a tomahawk of dispersal
 o - a throwing net (quivered)
 r - 4 poisoned needles
Armour
 b - a +0 leather armour (worn)
 l - a +0 helmet
 n - a +2 buckler
Wands
 h - a wand of paralysis (11/24)
 q - a wand of random effects (27/48)
Scrolls
 e - 2 scrolls of blinking
 k - a scroll of teleportation
Potions
 f - 2 potions of curing
 j - a potion of lignification {unknown}
Books
 c - a book of Battle

   Spells                             Type                      Level
   a - Infusion                       Charms                       1
   b - Shroud of Golubria             Charms/Translocation         2
   c - Song of Slaying                Charms                       2
   d - Spectral Weapon                Hexes/Charms                 3
   e - Regeneration                   Charms/Necromancy            3
Comestibles
 d - a bread ration


   Skills:
 - Level 2.0 Fighting
 * Level 4.3 Polearms
 - Level 1.0 Armour
 - Level 1.0 Dodging
 - Level 2.1 Spellcasting
 - Level 3.0 Hexes
 + Level 3.0 Charms


You had one spell level left.
You knew the following spells:

 Your Spells              Type           Power        Failure   Level  Hunger
a - Infusion              Chrm           #...         12%         1    ##.....
b - Spectral Weapon       Hex/Chrm       #.......     28%         3    ####...
c - Regeneration          Chrm/Necr      #.........   54%         3    ####...


Dungeon Overview and Level Annotations

Branches:
Dungeon (4/15)
 Temple: D:4-7

Altars:
Ashenzari
Cheibriados
Fedhas
Gozag
Qazlal
Zin

Annotations:
D:3 Ijyb, Sigmund


Innate Abilities, Weirdness & Mutations

You have a pair of small antennae on your head.
You regenerate a little health from kills.


Message History

Beogh smites you!
You hit the orc priest.
The orc priest is moderately wounded.
Your spectral weapon closely misses the orc priest.
The orc priest hits you with a falchion.
* * * LOW HITPOINT WARNING * * *
Unknown command.
Drink which item? (? for menu, Esc to quit)
It was a potion of curing.
You feel better.
The orc priest hits you with a falchion!
* * * LOW HITPOINT WARNING * * *
Drink which item? (? for menu, Esc to quit)
It was a potion of cancellation.
Your magical contamination has completely faded away.
You feel magically purged.
You feel less regenerative.
Your spectral weapon fades away.
The orc priest invokes the aid of Beogh against you.
Beogh smites you!
You die...

.# #.# .# #.# .# #.# .# #.#
.######.#############
....................####o.O
####.....#######oO.oO.....#
####.....# #o##........
.........# #@##########
.###.....# #)#
#.....#######.#
###.##........#
#.##.#####..# #.##.#####..#
#.##.##.....# #.##.##.##.##
######.##.##.##.#


You could see an ogre and 2 orc priests.

Vanquished Creatures
  A phantom (D:4)
  A howler monkey (D:4)
  A hound (D:4)
  Robin (D:4)
  2 adders
  A shadow imp (D:4)
  2 dart slugs (D:3)
  2 giant geckos
  3 orcs (D:4)
  2 giant cockroaches
  12 goblins
  2 hobgoblins
  2 quokkas
  A ball python (D:2)
  2 bats
  6 kobolds
  3 rats
44 creatures vanquished.

Notes
Turn   | Place    | Note
--------------------------------------------------------------
     0 | D:1      | jacquesderrida the Demonspawn Skald began the quest for the Orb.
     0 | D:1      | Reached XP level 1. HP: 16/16 MP: 3/3
    37 | D:1      | Reached skill level 1 in Dodging
   247 | D:1      | Reached skill level 1 in Armour
   247 | D:1      | Gained mutation: You regenerate a little health from kills. [demonic ancestry]
   247 | D:1      | Reached XP level 2. HP: 22/22 MP: 5/5
   346 | D:2      | Noticed Sigmund
   439 | D:2      | Reached skill level 2 in Polearms
   702 | D:3      | Found a shattered altar of Ashenzari.
   702 | D:3      | Found a glowing silver altar of Zin.
   704 | D:3      | Found an opulent altar of Gozag.
   738 | D:3      | Reached XP level 3. HP: 27/27 MP: 6/6
   774 | D:3      | Learned a level 3 spell: Spectral Weapon
   822 | D:3      | Noticed Ijyb
   986 | D:4      | Reached skill level 3 in Polearms
   986 | D:4      | Reached skill level 1 in Hexes
  1005 | D:4      | Noticed Robin
  1027 | D:4      | Killed Robin
  1027 | D:4      | Reached XP level 4. HP: 13/33 MP: 3/7
  1364 | D:4      | Noticed a phantom
  1411 | D:4      | Gained mutation: You have a pair of small antennae on your head. [demonic ancestry]
  1411 | D:4      | Reached XP level 5. HP: 28/38 MP: 8/8
  1436 | D:4      | Found a stormy altar of Qazlal.
  1436 | D:4      | Found a blossoming altar of Fedhas.
  1464 | D:3      | Became a worshipper of Ashenzari the Shackled
  1500 | D:4      | Killed a phantom
  1500 | D:4      | Reached skill level 4 in Polearms
  1509 | D:4      | Learned a level 3 spell: Regeneration
  1542 | D:4      | Found a snail-covered altar of Cheibriados.
  1585 | D:4      | Noticed an ogre
  1611 | D:4      | Killed from afar by an orc priest

Skill      XL: |  1  2  3  4  5 |
---------------+----------------+-----
Dodging        | 1 |  1.0
Charms         | 3 |  3.0
Armour         | 1 |  1.0
Polearms       | 2 3 4 |  4.3
Hexes          | 1 2 3 |  3.0
Fighting       | |  2.0
Spellcasting   | |  2.1

Action                   |  1- 3 |  4- 6 || total
-------------------------+-------+-------++-------
Melee: Spear             |   145 |    63 ||   208
 Fire: Blowgun           |     7 |       ||     7
Throw: Tomahawk          |     6 |       ||     6
       Throwing net      |       |     2 ||     2
 Cast: Infusion          |     2 |     2 ||     4
       Spectral Weapon   |       |     2 ||     2
  Use: Scroll            |       |     8 ||     8
       Potion            |       |     2 ||     2
 Stab: Sleeping          |     1 |       ||     1
  Eat: Chunk             |     1 |       ||     1
       Fruit             |       |     1 ||     1
Armor: Leather armour    |    29 |     8 ||    37
Dodge: Dodged            |    83 |    24 ||   107
